 Dungeon Crawl Stone Soup version 0.30-a0-840-ga523dec638 (webtiles) character file.

Game seed: 3993769737659883503

1345 zenocrate the Insei (level 8, -4/72 HPs)
             Began as an Octopode Transmuter on Mar 2, 2023.
             Was a Believer of Elyvilon.
             Slain by a sky beast (5 damage)
             ... on level 7 of the Dungeon.
             The game lasted 00:08:52 (6532 turns).

zenocrate the Insei (Octopode Transmuter)           Turns: 6532, Time: 00:08:53

Health: -4/72      AC:  1    Str: 10    XL:     8   Next: 62%
Magic:  9/11       EV: 13    Int: 17    God:    Elyvilon [**....]
Gold:   144        SH:  5    Dex: 12    Spells: 1/11 levels left

rFire   . . .      SeeInvis .      - Unarmed
rCold   . . .      Faith    .    (no shield)
rNeg    . . .      Spirit   .    (helmet currently unavailable)
rPois   +          Reflect  +    n - amulet of reflection
rElec   .          Harm     .    j - ring of poison resistance
rCorr   .          Rampage  .    (no ring)
Will    .....                    (no ring) Stlth
                                 (no ring)
HPRegen 0.32/turn                (no ring)
MPRegen 0.12/turn                (no ring)
                                 (no ring)
                                 (no ring)

@: berserking, appendages, wereblooded, very quick
A: tentacle spike 3, almost no armour, amphibious, 8 rings, camouflage 1,
gelatinous body 1, (nimble swimmer 1), tentacles
a: End Transformation, Renounce Religion, Purification, Heal Other


You were on level 7 of the Dungeon.
You worshipped Elyvilon.
Elyvilon was pleased with you.
One of your tentacles had grown a beastly spike.
You visited 2 branches of the dungeon, and saw 8 of its levels.

You collected 403 gold pieces.
You spent 259 gold pieces at shops.

Inventory:

Missiles
 u - 12 poisoned darts
Jewellery
 j - a ring of poison resistance (left tentacle)
 n - an amulet of reflection (around mantle)
Wands
 s - a wand of light (7)
 w - a wand of iceblast (10)
Scrolls
 a - a scroll of brand weapon {unknown}
 e - a scroll of poison {unknown}
 h - 3 scrolls of teleportation
 k - 2 scrolls of amnesia
 l - 2 scrolls of noise {unknown}
 m - 2 scrolls of blinking
 r - a scroll of torment {unknown}
 v - a scroll of fog {unknown}
Potions
 b - 2 potions of invisibility
 c - a potion of berserk rage
 d - a potion of heal wounds
 f - a potion of haste
 g - 2 potions of attraction
 i - a potion of curing
 o - 4 potions of might
 q - a potion of magic {unknown}


   Skills:
 - Level 1.0 Fighting
 - Level 2.0 Dodging
 - Level 2.0 Stealth
 + Level 7.1 Unarmed Combat
 - Level 2.0 Spellcasting
 + Level 6.7 Transmutations
 - Level 4.1 Ice Magic


You had one spell level left.
You knew the following spells:

 Your Spells              Type           Power      Damage    Failure   Level
a - Wereblood             Tmut           24%        N/A       1%          2
b - Beastly Appendage     Tmut           48%        N/A       1%          1
c - Ice Form              Ice/Tmut       20%        N/A       21%         4
d - Swiftness             Air            1%         N/A       50%         3

Your spell library contained the following spells:

 Spells                   Type           Power      Damage    Failure   Level
 Magic Dart               Conj           4%         1d3       19%         1
 Passwall                 Tmut/Erth      10%        N/A       8%          2
 Ensorcelled Hibernation  Hex/Ice        16%        N/A       13%         2
 Spider Form              Tmut/Pois      13%        N/A       14%         3
 Blink                    Tloc           2%         N/A       28%         2
 Lesser Beckoning         Tloc           2%         N/A       28%         2
 Momentum Strike          Conj/Tloc      2%         3d8       28%         2
 Searing Ray              Conj           2%         2d4       28%         2
 Sublimation of Blood     Necr           1%         N/A       28%         2
 Fulminant Prism          Conj/Hex       0%         3d5       88%         4
 Summon Hydra             Summ           0%         N/A       100%        7


Dungeon Overview and Level Annotations

Branches:
Dungeon (7/15)             Temple (1/1) D:4

Altars:
Ashenzari
Cheibriados
Dithmenos
Elyvilon
Gozag
Hepliaklqana
Kikubaaqudgha
Makhleb
Nemelex Xobeh
Qazlal
Ru
Sif Muna
Trog
Vehumet
Wu Jian
Xom
Yredelemnul
Zin
The Shining One

Shops:
D:1 (!(?


Innate Abilities, Weirdness & Mutations

One of your tentacles has grown a beastly spike.
You cannot wear most types of armour.
You are amphibious.
You can wear up to eight rings at the same time.
Your skin changes colour to match your surroundings (Stealth+).
Your rubbery body absorbs attacks. (AC +1, EV +1)
((You are camouflaged when in or above water. (Stealth+)))
You have tentacles for arms and can constrict up to eight enemies at once.


Message History

The sky beast hits you but does no damage.
You barely miss the sky beast.
The sky beast is lightly wounded.
The sky beast flickers out of sight!
Deactivating autopickup; reactivate with Ctrl-A.
Something hits you. Something shocks you.
No target in view!
You completely miss something.
Your tentacle spike misses something.
A sky beast appears from thin air!
Reactivating autopickup.
The sky beast misses you.
You closely miss the sky beast. Your squeeze misses the sky beast.
The sky beast is lightly wounded.
The sky beast flickers out of sight!
Deactivating autopickup; reactivate with Ctrl-A.
Something hits you. Something shocks you.
You closely miss something. You block something's attack.
You tentacle-slap something. Your squeeze misses something. You miss something.
Your squeeze misses something. Something hits you. Something shocks you.
You tentacle-slap something but do no damage.
Something hits you.
* * * LOW HITPOINT WARNING * * *
Something shocks you.
* * * LOW HITPOINT WARNING * * *
A red film seems to cover your vision as you go berserk!
You feel yourself moving faster!
You feel mighty! Something hits you.
* * * LOW HITPOINT WARNING * * *
Something shocks you.
* * * LOW HITPOINT WARNING * * *
You closely miss something. Something barely misses you.
You bludgeon something! You miss something. Your squeeze misses something.
Something hits you.
* * * LOW HITPOINT WARNING * * *
Something shocks you.
* * * LOW HITPOINT WARNING * * *
You miss something.
Your tentacle spike misses something.
Something hits you.
* * * LOW HITPOINT WARNING * * *
Something shocks you.
You die...

### ..# #.#
#.####### #.{......
# #.# . #@# ##.# #.#
##.#####.# ... ...
.........#####.##.#
#.#
#.###.............#.
#.# #.#
#.#####........# #.#
#.# #.# #.#####.##
#.# #.# #.# #.#
#.###.###.#####.#
#.<.............#


There were no monsters in sight!

Vanquished Creatures
  A water moccasin (D:6)
  An ice beast (D:5)
  A sky beast (D:6)
  A black bear (D:5)
  A centaur (D:5)
  3 ogres
  A phantom (D:5)
  A necrophage (D:6)
  A jelly (D:6)
  A hound (D:5)
  An orc priest (D:6)
  Natasha (thrice) (D:2)
  Terence (D:2)
  2 iguanas
  7 gnolls
  8 adders
  2 white imps (D:6)
  An ufetubus (D:5)
  4 worms
  2 dart slugs (D:4)
  9 orcs
  7 bats
  9 endoplasms
  A giant cockroach (D:2)
  8 goblins
  3 hobgoblins
  3 jackals (D:2)
  6 kobolds
  2 quokkas
  6 ball pythons
  2 frilled lizards
  6 rats
105 creatures vanquished.

Vanquished Creatures (others)
  5 plants
5 creatures vanquished.

Grand Total: 110 creatures vanquished

Notes
Turn   | Place    | Note
-------+----------+-------------------------------------------
     0 | D:1      | zenocrate the Octopode Transmuter began the quest for the
                  | Orb.
     0 | D:1      | Reached XP level 1. HP: 13/13 MP: 3/3
    45 | D:1      | Reached skill level 1 in Stealth
   101 | D:1      | Found a faded altar of an unknown god.
   139 | D:1      | You fall into a shaft and drop 1 floor!
   158 | D:1      | Prayed at the altar of an unknown god.
   158 | D:1      | Became a worshipper of Ru the Awakened
   186 | D:1      | Found Orru's Weapon Shoppe.
   195 | D:1      | Reached XP level 2. HP: 18/18 MP: 3/5
   282 | D:1      | Fell from the grace of Ru
   465 | D:1      | Found Ycablagu's Distillery.
   467 | D:1      | Found Forph's Magic Scroll Emporium.
   478 | D:1      | Bought a scroll of teleportation for 33 gold pieces
   515 | D:1      | Found Gyhuvoas's Weapon Emporium.
   680 | D:1      | Bought a potion of curing for 30 gold pieces
   754 | D:2      | Learned a level 2 spell: Wereblood
   785 | D:2      | Reached XP level 3. HP: 20/23 MP: 2/6
   904 | D:2      | Noticed Natasha
   916 | D:2      | Killed Natasha
   988 | D:2      | Reached XP level 4. HP: 28/28 MP: 4/7
  1037 | D:2      | Noticed Natasha
  1047 | D:2      | Killed Natasha
  1048 | D:2      | Reached skill level 4 in Unarmed Combat
  1099 | D:2      | Noticed Terence
  1104 | D:2      | Killed Terence
  1105 | D:2      | Reached XP level 5. HP: 31/33 MP: 4/8
  1123 | D:2      | Learned a level 4 spell: Ice Form
  1138 | D:2      | Noticed Natasha
  1146 | D:2      | Killed Natasha
  1745 | D:1      | Bought a scroll of identify for 22 gold pieces
  1745 | D:1      | Bought a scroll of identify for 22 gold pieces
  1917 | D:3      | Reached skill level 1 in Ice Magic
  2403 | D:3      | Found an ancient bone altar of Kikubaaqudgha.
  2876 | D:3      | Reached XP level 6. HP: 37/38 MP: 6/9
  2996 | D:3      | Reached skill level 5 in Unarmed Combat
  3072 | D:4      | Found a staircase to the Ecumenical Temple.
  3110 | Temple   | Entered the Ecumenical Temple
  3221 | Temple   | Became a worshipper of Elyvilon the Healer
  3553 | D:1      | Bought a potion of might for 40 gold pieces
  3553 | D:1      | Bought a potion of curing for 30 gold pieces
  4060 | D:5      | Entered Level 5 of the Dungeon
  4079 | D:5      | Noticed an ice beast
  4090 | D:5      | Killed an ice beast
  4091 | D:5      | Reached XP level 7. HP: 43/43 MP: 3/10
  4199 | D:5      | Learned a level 3 spell: Swiftness
  4247 | D:5      | Reached * piety under Elyvilon
  4273 | D:5      | Reached skill level 5 in Transmutations
  5188 | D:1      | Bought a scroll of blinking for 82 gold pieces
  5317 | D:5      | Reached skill level 6 in Unarmed Combat
  5317 | D:5      | Reached XP level 8. HP: 40/48 MP: 8/11
  5938 | D:6      | Reached ** piety under Elyvilon
  6120 | D:6      | Reached skill level 7 in Unarmed Combat
  6531 | D:7      | HP: 1/72 [something (5)]
  6532 | D:7      | Slain by a sky beast

Illustrated notes

Levels and vault maps discovered:
D:1:      lightli_arrival_flooded_house, layout_basic,
          dreamdust_ecumenical_altar_angels_and_demons, serial_shops,
          nicolae_square_shop, nicolae_shop_statue_plus, shop, shop,
          kennysheep_boxes
D:2:      layout_basic, corexii_shack, uniq_terence, uniq_natasha
D:3:      minmay_angry_zag, layout_loops_corners, overflow_temple_1_default,
          feat_on_display
D:4:      layout_cave_pools, temple_statues, grunt_ministairs_10
D:5:      layout_cave_pods, minivault_5
D:6:      layout_rooms
D:7:      layout_loops_ring
Temple:   compressed_dpeg_circular_temple

Skill      XL: |  1  2  3  4  5  6  7  8 |
---------------+-------------------------+-----
Stealth        | 1 2 |  2.0
Transmutations | 3 4 5 6 |  6.7
Unarmed Combat | 4 5 6 7 |  7.1
Ice Magic      | 1 2 3 4 |  4.1
Fighting       | |  1.0
Dodging        | |  2.0
Spellcasting   | |  2.0

Action                     |  1- 3 |  4- 6 |  7- 9 || total
---------------------------+-------+-------+-------++-------
  Melee: Unarmed           |    39 |   131 |    85 ||   255
         Constrict         |     9 |    34 |    10 ||    53
         Kick              |    13 |    48 |    28 ||    89
         Tentacles         |     5 |    32 |    20 ||    57
         Punch             |     1 |     3 |     5 ||     9
   Cast: Beastly Appendage |    13 |    36 |    15 ||    64
         Wereblood         |     3 |    38 |    15 ||    56
 Invoke: Renounce Religion |     1 |       |       ||     1
  Evoke: Wand              |       |       |     1 ||     1
    Use: Scroll            |       |     5 |     2 ||     7
         Potion            |       |     1 |     6 ||     7
   Stab: Sleeping          |     3 |     5 |     3 ||    11
 Armour: Skin              |     3 |    15 |     4 ||    22
  Dodge: Dodged            |    23 |    78 |    38 ||   139
  Block: Other             |       |    14 |    10 ||    24
         Reflection        |       |     1 |       ||     1

Table legend: (Time is in decaauts)
 A = Elapsed time spent in this place.
 B = Non-inter-level travel time spent in this place.
 C = Inter-level travel time spent in this place.
 D = Time resting spent in this place.
 E = Time spent auto-exploring this place.
 F = Levels seen in this place.
 G = Mean time per level.
                   A        B        C        D        E       F      G
               +--------+--------+--------+--------+--------+-----+--------+
         Total |   6527 |   5787 |    740 |      4 |   4813 |   8 |  815.9 |
       Dungeon |   6382 |   5674 |    708 |      4 |   4724 |   7 |  911.7 |
        Temple |    144 |    112 |     32 |      0 |     89 |   1 |  144.0 |
               +--------+--------+--------+--------+--------+-----+--------+

Top non-repeatable levels by time:
     D:3: 1469 daAuts
     D:5: 1459 daAuts
     D:2: 984 daAuts
     D:4: 829 daAuts
     D:1: 806 daAuts
     D:6: 789 daAuts
  Temple: 144 daAuts
     D:7: 44 daAuts
